 Dungeon Crawl Stone Soup version 0.28-a0-643-g84cb2ea78e (webtiles) character file.

Game seed: 14464897806910297534

25 sanka the Unweaver (level 2, -3/25 HPs)
             Began as a Palentonga Abyssal Knight on Oct 10, 2021.
             Was a Follower of Lugonu.
             Slain by a worm (8 damage)
             ... on level 1 of the Dungeon.
             The game lasted 00:01:31 (867 turns).

sanka the Unweaver (Palentonga Abyssal Knight)       Turns: 867, Time: 00:01:32

Health: -3/25      AC:  4    Str: 16    XL:     2   Next: 86%
Magic:  4/4        EV:  9    Int: 10    God:    Lugonu [*.....]
Gold:   59         SH:  5    Dex: 10    Spells: 1/1 levels left

rFire   . . .      SeeInvis +   a - +1 hand axe
rCold   . . .      Faith    .   (no shield)
rNeg    . . .      Spirit   .   b - +0 leather armour
rPois   .          Reflect  +   (no helmet)
rElec   .          Harm     .   (no cloak)
rCorr   .          Rampage  .   (no gloves)
Will    .....                   (no barding)
Stlth   +.........              g - amulet of reflection
HPRegen 0.08/turn               (no ring)
MPRegen 0.09/turn               (no ring)

@: no status effects
A: large, rugged brown scales 3, see invisible, deformed body, roll 1, armoured
tail
a: Rolling Charge, Renounce Religion, Depart the Abyss


You were on level 1 of the Dungeon.
You worshipped Lugonu.
Lugonu was aware of your devotion.
You visited 1 branch of the dungeon, and saw 2 of its levels.
You visited the Abyss 1 time.

You collected 59 gold pieces.


Innate Abilities, Weirdness & Mutations

You are completely covered in rugged brown scales. (AC +3, +7% HP)
You have supernaturally acute eyesight. (SInv)
Armour fits poorly on your strangely shaped body.
You can roll at nearby foes to attack.
You have a long armoured tail.


   Skills:
 - Level 3.0 Fighting
 - Level 2.0 Axes
 - Level 1.5 Armour
 - Level 0.7 Dodging
 + Level 3.7 Invocations


You had one spell level left.
You didn't know any spells.
Your spell library contained the following spells:

 Spells                   Type           Power      Damage    Failure   Level
 Freezing Cloud           Conj/Ice/Air   0%         6-21      100%        5
 Simulacrum               Ice/Necr       0%         N/A       100%        6
 Polar Vortex             Ice            0%         N/A       100%        9

Inventory:

Hand Weapons
 a - a +1 hand axe (weapon)
Missiles
 e - a throwing net {=f}
Armour
 b - a +0 leather armour (worn)
Jewellery
 g - an amulet of reflection (around neck)
Scrolls
 d - a scroll of identify {unknown}
 h - a scroll of immolation {unknown}
 i - a scroll of enchant weapon {unknown}
Potions
 c - 2 potions of brilliance {unknown}
 f - a potion of mutation {unknown}
 j - a potion of heal wounds {unknown}
 k - a potion of haste {unknown}

Dungeon Overview and Level Annotations

Branches:
Dungeon (2/15)

Altars:

▒...▒▒ ▒▒▒▒▒▒▒...
▒....▒▒ ▒.....▒...
▒.▒...▒▒▒.....▒...
▒.▒▒...▒▒.....▒▒▒.
▒.▒▒....▒.....▒ ▒.
▒.▒▒▒....▒▒.▒▒▒ ▒.
▒.▒ ▒▒.▒..▒.▒ ▒.
▒K▒ ▒..▒.▒.▒ ▒.
▒H▒ ▒▒...▒.▒ ▒.
▒w▒ ▒▒....▒ ▒. ▒.▒
▒▒...▒ ▒▒ ▒.▒
▒▒..▒ ▒.▒ ▒..▒ ▒.▒
▒..▒▒▒▒▒▒ ▒.▒
▒.......▒ ▒.▒
▒.▒..▒▒▒▒ ▒.▒
▒.▒▒....▒


You could see a worm and a kobold.


Message History

There is a stone staircase leading down here.
Unknown command.
You hit the worm but do no damage.
The worm is lightly wounded.
You hit the kobold but do no damage. The kobold barely misses you.
The worm bites you!
* * * LOW HITPOINT WARNING * * *
You hit the worm.
The worm is moderately wounded.
You closely miss the kobold. The kobold hits you with a +0 whip.
* * * LOW HITPOINT WARNING * * *
The worm closely misses you.
You hit the worm.
The worm is severely wounded.
You barely miss the kobold. The kobold barely misses you.
You block the kobold's attack.
You barely miss the worm.
The worm is severely wounded.
You barely miss the kobold. The worm closely misses you.
You block the kobold's attack.
You hit the worm.
The worm is severely wounded.
You hit the kobold but do no damage. The kobold hits you but does no damage.
The worm bites you!
You die...

Action                   || total
-------------------------++-------
Melee: Hand axe          ||    56
       Tailslap          ||     6
Invok: Depart the Abyss  ||     1
 Abil: Rolling Charge    ||     2
Armor: Leather armour    ||    18
Dodge: Dodged            ||    38
Block: Other             ||     9

Levels and vault maps discovered:
D:1:      lemuel_arrival_room, layout_rooms, minmay_lizard_king
D:2:      minmay_alternating_diamond, layout_rooms,
          ebering_ecumenical_altar_petrified, serial_shops,
          nicolae_shop_competitors_out_of_business

Notes
Turn   | Place    | Note
-------+----------+-------------------------------------------
     0 | Abyss:1  | sanka the Palentonga Abyssal Knight began the quest for the
                  | Orb.
     0 | Abyss:1  | Reached XP level 1. HP: 19/19 MP: 2/2
    28 | Abyss:1  | Found an iron altar of Okawaru.
    48 | Abyss:1  | Noticed a hell knight
    49 | D:1      | Escaped the Abyss
   244 | D:1      | Reached * piety under Lugonu
   348 | D:1      | Reached XP level 2. HP: 25/25 MP: 4/4
   372 | D:1      | Reached skill level 3 in Invocations
   867 | D:1      | Slain by a worm

Vanquished Creatures
  5 ball pythons
  2 bats (D:1)
  2 endoplasms (D:1)
  A giant cockroach (D:1)
  3 hobgoblins (D:1)
  9 frilled lizards (D:1)
  3 rats (D:1)
25 creatures vanquished.

Vanquished Creatures (others)
  A lurking horror (Abyss:1)
  8 plants (D:1)
9 creatures vanquished.

Grand Total: 34 creatures vanquished
